 Dungeon Crawl Stone Soup version 0.26-a0-611-g354ed81502 (webtiles) character file.

Game seed: 10437304533073733530

166 Krehm the Changer (level 5, -5/41 HPs)
             Began as a Merfolk Transmuter on Sept 5, 2020.
             Was an Initiate of Dithmenos.
             Slain by a mummy (17 damage)
             ... in an ossuary.
             The game lasted 00:15:50 (3215 turns).

Krehm the Changer (Merfolk Transmuter)              Turns: 3215, Time: 00:15:51

Health: -5/41      AC:  6    Str: 12    XL:     5   Next: 47%
Magic:  8/9        EV: 12    Int: 12    God:    Dithmenos [......]
Gold:   164        SH:  4    Dex: 14    Spells: 1/10 levels left

rFire    . . .     SeeInvis .   t - +0 trident (vamp)
rCold    . . .     Faith    .   b - +0 buckler
rNeg     . . .     Spirit   .   j - +0 leather armour
rPois    .         Reflect  .   y - +1 hat
rElec    .         Harm     .   o - +0 cloak
rCorr    .                      g - +0 pair of gloves
MR       .....                  (no boots)
Stlth    +.........             (no amulet)
HPRegen  0.13/turn              (no ring)
MPRegen  0.11/turn              (no ring)

@: wereblooded
A: change form in water, swift swim, stealthy swim
a: Renounce Religion


You were in an ossuary.
You worshipped Dithmenos.
Dithmenos was noncommittal.
You visited 1 branch of the dungeon, and saw 4 of its levels.
You also visited: Ossuary.

You collected 164 gold pieces.

Inventory:

Hand Weapons
 h - a +1 dagger
 t - a +0 vampiric trident (weapon)
Missiles
 x - 16 poisoned darts (quivered)
Armour
 b - a +0 buckler (worn)
 g - a +0 pair of gloves (worn)
 j - a +0 leather armour (worn)
 k - a +0 scale mail
 o - a +0 cloak (worn)
 y - a +1 hat (worn)
Scrolls
 a - a scroll of teleportation
 d - a scroll of blinking
 f - 2 scrolls of enchant weapon
 p - a scroll of fear
Potions
 e - a potion of cancellation {unknown}
 i - 2 potions of might
 l - a potion of haste {unknown}
 m - a potion of heal wounds {unknown}
 n - a potion of curing {unknown}
 q - a potion of magic {unknown}
 r - a potion of ambrosia
 u - a potion of flight {unknown}
 v - a potion of degeneration {unknown}


   Skills:
 + Level 3.1 Fighting
 - Level 2.6 Dodging
 + Level 1.9 Shields
 - Level 3.2 Unarmed Combat
 + Level 3.1 Spellcasting
 + Level 0.6 Hexes
 - Level 4.0 Transmutations


You had one spell level left.
You knew the following spells:

 Your Spells              Type           Power        Failure   Level
a - Beastly Appendage     Tmut           ##....       8%          1
b - Wereblood             Tmut           ##......     12%         2
c - Confusing Touch       Hex            #.......     67%         3
d - Tukima's Dance        Hex            #.......     67%         3

Your spell library contained the following spells:

 Spells                   Type           Power        Failure   Level
 Corona                   Hex            #......      32%         1
 Ensorcelled Hibernation  Hex/Ice        #.....       47%         2
 Spider Form              Tmut/Pois      #.........   47%         3
 Dazzling Flash           Conj/Hex       #.....       71%         3
 Ice Form                 Ice/Tmut       #.......     87%         4
 Blade Hands              Tmut           ##........   91%         5


Dungeon Overview and Level Annotations

Branches:
Dungeon (4/15)            Ossuary (1/1)
 Temple: D:4-7

Altars:
Ashenzari
Dithmenos

Annotations:
D:4 Eustachio


Message History

The mummy is almost destroyed.
The mummy barely misses you. You block the mummy's attack.
The mummy barely misses you.
You hit the mummy but do no damage.
The mummy is almost destroyed.
You block the mummy's attack. The mummy hits you!!
* * * LOW HITPOINT WARNING * * *
The mummy barely misses you.
There is a gate leading back out of this place here.
You puncture the mummy!
The mummy is moderately damaged.
The mummy barely misses you.
You hit the mummy.
You destroy the mummy!
Dithmenos accepts your kill.
You hit the mummy.
The mummy is heavily damaged.
You howl as the wereblood boils in your veins!
The mummy hits you!
You die...

##+##
#...#
#.@.#
#.MM#
#.∩.#
#...#
#.....#
#.#.#.#
#######


You could see 2 mummies.

Vanquished Creatures
  A hound (D:4)
  Jessica (D:1)
  An iguana (D:1)
  A mummy (Ossuary)
  2 adders
  An ooze (D:1)
  3 orcs (D:3)
  A ball python (D:3)
  A giant cockroach (D:2)
  5 goblins
  9 hobgoblins
  2 quokkas
  6 bats
  4 frilled lizards
  5 kobolds
  9 rats
52 creatures vanquished.

Notes
Turn   | Place    | Note
-------+----------+-------------------------------------------
     0 | D:1      | Krehm the Merfolk Transmuter began the quest for the Orb.
     0 | D:1      | Reached XP level 1. HP: 15/15 MP: 3/3
    86 | D:1      | Reached skill level 3 in Transmutations
   106 | D:1      | Reached XP level 2. HP: 21/21 MP: 3/5
   271 | D:1      | Learned a level 2 spell: Wereblood
   690 | D:2      | Noticed Jessica
   710 | D:1      | Killed Jessica
   710 | D:1      | Reached XP level 3. HP: 9/27 MP: 6/6
   961 | D:2      | Reached XP level 4. HP: 12/33 MP: 5/7
  1237 | D:2      | Reached skill level 1 in Shields
  1400 | D:2      | Found a shadowy altar of Dithmenos.
  1670 | D:1      | Reached skill level 4 in Transmutations
  2269 | D:2      | Became a worshipper of Dithmenos the Shadowed
  2841 | D:3      | Reached XP level 5. HP: 40/40 MP: 7/9
  2876 | D:3      | Learned a level 3 spell: Confusing Touch
  2880 | D:3      | Learned a level 3 spell: Tukima's Dance
  3010 | D:3      | Found a shattered altar of Ashenzari.
  3138 | D:4      | Noticed Eustachio
  3194 | D:4      | Found a sand-covered staircase.
  3203 | Ossuary  | Entered an ossuary
  3215 | Ossuary  | Slain by a mummy

Illustrated notes

Levels and vault maps discovered:
D:1:      dpeg_arrival_short_road, layout_rooms
D:2:      layout_loops_ring, nicolae_dithmenos_shadow_blocks, uniq_jessica
D:3:      layout_basic, nicolae_overflow_crystal_walls
D:4:      layout_cave_pools, nicolae_ossuary_entry_monument, uniq_grinder,
          uniq_eustachio
Ossuary:  ossuary_minmay_chase

Skill      XL: |  1  2  3  4  5 |
---------------+----------------+-----
Transmutations | 3 4 |  4.0
Fighting       | 2 3 |  3.1
Shields        | 1 |  1.9
Spellcasting   | 3 |  3.1
Dodging        | |  2.6
Unarmed Combat | |  3.2
Hexes          | |  0.6

Action                   |  1- 3 |  4- 6 || total
-------------------------+-------+-------++-------
Melee: Short sword       |    32 |       ||    32
       Headbutt          |    11 |    16 ||    27
       Dagger            |    50 |    91 ||   141
       Trident           |       |    64 ||    64
       Punch             |       |     1 ||     1
 Cast: Beastly Appendage |    11 |    21 ||    32
       Wereblood         |     1 |     1 ||     2
  Use: Scroll            |       |     8 ||     8
       Potion            |       |     1 ||     1
 Stab: Sleeping          |       |     1 ||     1
Armor: Robe              |     8 |       ||     8
       Leather armour    |     7 |    38 ||    45
Dodge: Dodged            |    61 |    94 ||   155
Block: Buckler           |       |    19 ||    19

Table legend: (Time is in decaauts)
 A = Elapsed time spent in this place.
 B = Non-inter-level travel time spent in this place.
 C = Inter-level travel time spent in this place.
 D = Time resting spent in this place.
 E = Time spent auto-exploring this place.
 F = Levels seen in this place.
 G = Mean time per level.
                   A        B        C        D        E       F      G
               +--------+--------+--------+--------+--------+-----+--------+
         Total |   3241 |   2995 |    246 |    878 |   1269 |   5 |  648.2 |
       Dungeon |   3227 |   2981 |    246 |    878 |   1269 |   4 |  806.8 |
       Ossuary |     13 |     13 |      0 |      0 |      0 |   1 |   13.0 |
               +--------+--------+--------+--------+--------+-----+--------+

Top non-repeatable levels by time:
     D:1: 1266 daAuts
     D:2: 1226 daAuts
     D:3: 681 daAuts
     D:4: 54 daAuts
 Ossuary: 13 daAuts
